 Dungeon Crawl Stone Soup version 0.27.1-34-g3ba077fa99 (webtiles) character file.

Game seed: 13212587341909263050

8401 Ijustatesigmund the Fighter (level 11, 0/73 HPs)
             Began as a Gargoyle Fighter on Jan 29, 2022.
             Was an Elder of Cheibriados.
             Slain by a death yak (8 damage)
             ... on level 9 of the Dungeon.
             The game lasted 00:18:35 (10425 turns).

Ijustatesigmund the Fighter (Gargoyle Fighter)     Turns: 10425, Time: 00:18:36

Health: 0/73       AC: 27    Str: 31    XL:     11   Next: 30%
Magic:  14/16      EV:  8    Int: 19    God:    Cheibriados [****..]
Gold:   490        SH: 13    Dex: 18    Spells: 10/10 levels left

rFire    . . .     SeeInvis .   a - +4 morningstar
rCold    . . .     Faith    .   c - +1 kite shield
rNeg     + . .     Spirit   .   b - +0 chain mail
rPois    ∞         Reflect  .   (no helmet)
rElec    +         Harm     .   o - +1 cloak
rCorr    .         Rampage  .   m - +2 pair of gloves
Will     .....                  p - +2 pair of boots
Stlth    ..........             f - amulet of the acrobat
HPRegen  0.22/turn              (no ring)
MPRegen  0.15/turn              (no ring)

@: very slow
A: sickness immunity, AC +8, negative energy resistance 1, electricity
resistance, torment resistance 1, petrification resistance
a: Renounce Religion, Bend Time, Temporal Distortion, Slouch


You were on level 9 of the Dungeon.
You worshipped Cheibriados.
Cheibriados was greatly pleased with you.
You visited 2 branches of the dungeon, and saw 10 of its levels.
You visited the Abyss 1 time.
You also visited: Ossuary.

You collected 490 gold pieces.

Inventory:

Hand Weapons
 a - a +4 morningstar (weapon)
Missiles
 u - 8 javelins (quivered)
Armour
 b - a +0 chain mail (worn)
 c - a +1 kite shield (worn)
 m - a +2 pair of gloves (worn)
 o - a +1 cloak (worn)
 p - a +2 pair of boots (worn)
Jewellery
 f - an amulet of the acrobat (around neck)
 s - an amulet of faith
Wands
 g - a wand of polymorph (9)
 h - a wand of paralysis (20)
 i - a wand of iceblast (9)
 n - a wand of digging (2)
Scrolls
 e - 4 scrolls of fog
 l - a scroll of blinking
Potions
 j - a potion of mutation {unknown}
 k - a potion of invisibility {unknown}
 q - a potion of curing
 r - 2 potions of magic


   Skills:
 + Level 10.4 Fighting
 + Level 10.0 Maces & Flails
 + Level 6.1 Armour
 - Level 2.5 Dodging
 - Level 7.3 Shields
 + Level 7.6 Invocations


You had 10 spell levels left.
You didn't know any spells.
Your spell library contained the following spells:

 Spells                   Type           Power      Damage    Failure   Level
 Beastly Appendage        Tmut           0%         N/A       94%         1
 Sting                    Tmut/Pois      0%         1d3       94%         1
 Corpse Rot               Necr/Air       N/A        N/A       98%         2
 Poisonous Vapours        Pois/Air       0%         N/A       98%         2
 Wereblood                Tmut           0%         N/A       98%         2
 Spider Form              Tmut/Pois      0%         N/A       100%        3
 Olgreb's Toxic Radiance  Pois           0%         N/A       100%        4
 Freezing Cloud           Conj/Ice/Air   0%         6-21      100%        5


Dungeon Overview and Level Annotations

Branches:
Dungeon (9/15)             Temple (1/1) D:5         Ossuary (visited)
   Lair: D:8-11         Orc: D:9-12

Altars:
Cheibriados
Elyvilon
Gozag
Hepliaklqana
Kikubaaqudgha
Makhleb
Okawaru
Ru
Sif Muna
Uskayaw
Wu Jian
Yredelemnul
Zin
The Shining One

Shops:
D:2 =


Innate Abilities, Weirdness & Mutations

You are immune to sickness and miasma.
Your stone body is resilient. (AC +8)
You are immune to poison.
You resist negative energy. (rN+)
You are resistant to electric shocks. (rElec)
You are resistant to unholy torment.
You are immune to petrification.


Message History

You kill the death yak!
Cheibriados appreciates the change of pace.
Your Armour skill increases to level 6!
You impale the hell rat!!
You kill the hell rat!
Cheibriados thoroughly appreciates the change of pace.
You sock the death yak!
The death yak is lightly wounded.
You block the death yak's attack.
You sock the death yak!
The death yak is heavily wounded.
The death yak gores you but does no damage.
You barely miss the death yak.
The death yak is heavily wounded.
The death yak gores you!!
* * * LOW HITPOINT WARNING * * *
You hit the death yak but do no damage.
The death yak is moderately wounded.
The death yak gores you but does no damage.
You block the death yak's attack.
You sock the death yak!
The death yak is heavily wounded.
The death yak gores you but does no damage.
You hit the death yak but do no damage.
The death yak is heavily wounded.
The death yak gores you but does no damage.
Your magic is already full.
The flow of time bends around you.
Cheibriados rebukes the death yak.
The death yak seems to slow down.
The death yak completely misses you.
You hit the death yak.
The death yak is heavily wounded.
You hit the death yak but do no damage.
The death yak is heavily wounded.
You block the death yak's attack.
You bludgeon the death yak!!
The death yak is almost dead.
The death yak gores you!
You die...

+...... ..#
#...... ..#
#...... #+##..#
#...... +.....#
#...... #.....#
#...... #.....#
.......####.....#
#..†.Y@.....#
.....?.###..<...#
..#.... +......#
##...
#......########
.....
#.............#
......
#.............#
.......
#..........)..#
.......
#...........(.#
#.......<.....#


You could see a death yak (slow).

Vanquished Creatures
  A tentacled starspawn (Abyss:1)
  2 death yaks (D:9)
  A gargoyle (D:7)
  Psyche (D:8)
  Sigmund (D:3)
  6 humans (D:8)
  A large abomination (Abyss:1)
  A water moccasin (D:6)
  A black bear (D:6)
  An orc warrior (D:8)
  An ice beast (D:8)
  3 sky beasts
  A hornet zombie (D:7)
  An ogre (D:6)
  2 necrophages
  2 centaurs
  A phantom (D:6)
  2 kobold brigands (D:8)
  4 scorpions
  2 bullfrogs (D:7)
  A gnoll sergeant (D:6)
  2 water moccasin skeletons
  8 killer bees (D:8)
  3 wights (D:6)
  7 electric eels
  2 howler monkeys
  A bullfrog zombie (D:5)
  4 centaur zombies (Ossuary)
  2 jellies
  A gnoll shaman (D:7)
  2 hounds
  5 orc priests
  A centaur skeleton (D:4)
  2 iguanas
  7 orc wizards
  A hell rat (D:9)
  2 killer bee zombies
  A hound skeleton (D:5)
  5 mummies (Ossuary)
  Robin (D:3)
  12 gnolls
  7 adders
  2 shadow imps (D:6)
  An adder skeleton (D:4)
  3 worms
  3 dart slugs
  27 orcs
  5 bats
  8 endoplasms
  12 giant cockroaches (D:2)
  14 goblins
  12 hobgoblins
  5 jackals (D:4)
  16 kobolds
  7 quokkas
  8 ball pythons
  4 frilled lizards
  5 hobgoblin zombies (Ossuary)
  6 rats
250 creatures vanquished.

Vanquished Creatures (others)
  A white imp (D:6)
  48 plants
  2 starspawn tentacles (Abyss:1)
51 creatures vanquished.

Grand Total: 301 creatures vanquished

Notes
Turn   | Place    | Note
-------+----------+-------------------------------------------
     0 | D:1      | Ijustatesigmund the Gargoyle Fighter began the quest for
                  | the Orb.
     0 | D:1      | Reached XP level 1. HP: 14/14 MP: 1/1
   237 | D:1      | Reached XP level 2. HP: 11/19 MP: 2/2
  1325 | D:2      | Found Attake's Jewellery Shop.
  1442 | D:2      | Reached XP level 3. HP: 24/24 MP: 3/3
  1531 | D:2      | Reached XP level 4. HP: 26/29 MP: 4/4
  2055 | D:3      | Reached XP level 5. HP: 22/34 MP: 5/5
  2098 | D:3      | Noticed Sigmund
  2103 | D:3      | Noticed Robin
  2106 | D:3      | Found a hazy altar of Hepliaklqana.
  2296 | D:4      | Noticed a necrophage
  2302 | D:4      | Killed a necrophage
  2303 | D:4      | Reached skill level 5 in Maces & Flails
  2303 | D:4      | Reached XP level 6. HP: 35/40 MP: 6/6
  2360 | D:4      | Reached skill level 5 in Fighting
  2392 | D:4      | HP: 2/40 [adder (1)]
  2404 | D:5      | Entered Level 5 of the Dungeon
  2774 | D:5      | Reached XP level 7. HP: 43/44 MP: 7/7
  2924 | D:5      | Found a staircase to the Ecumenical Temple.
  2990 | Temple   | Entered the Ecumenical Temple
  3841 | D:4      | Reached skill level 5 in Armour
  4138 | D:4      | Reached XP level 8. HP: 48/52 MP: 8/8
  4172 | D:3      | Killed Sigmund
  4272 | D:3      | Found a hide-covered altar of Uskayaw.
  4334 | D:3      | Found a faded altar of an unknown god.
  4388 | D:3      | Killed Robin
  4603 | D:3      | Found a glowing golden altar of the Shining One.
  4821 | Temple   | Became a worshipper of Cheibriados the Contemplative
  4905 | D:5      | Found a shimmering blue altar of Sif Muna.
  5477 | D:6      | Reached skill level 1 in Invocations
  5493 | D:6      | Reached skill level 1 in Dodging
  5956 | D:6      | Reached * piety under Cheibriados
  6230 | D:6      | Reached XP level 9. HP: 45/57 MP: 10/10
  7483 | D:7      | Noticed a gargoyle
  7499 | D:7      | Killed a gargoyle
  7832 | D:7      | Reached ** piety under Cheibriados
  8534 | D:8      | Reached skill level 5 in Shields
  8534 | D:8      | Reached skill level 5 in Invocations
  8534 | D:8      | Reached XP level 10. HP: 40/65 MP: 13/13
  8537 | D:8      | Found a sand-covered staircase.
  8549 | Ossuary  | Entered an ossuary
  8945 | D:8      | Reached *** piety under Cheibriados
  9501 | D:8      | Noticed Psyche
  9510 | D:8      | Cast into level 1 of the Abyss (Psyche)
  9676 | Abyss:1  | Noticed a tentacled starspawn
  9688 | Abyss:1  | Killed a tentacled starspawn
  9691 | D:8      | Escaped the Abyss
  9696 | D:8      | Killed Psyche
  9697 | D:8      | Reached skill level 10 in Fighting
  9697 | D:8      | Reached XP level 11. HP: 55/72 MP: 13/16
 10135 | D:8      | Reached **** piety under Cheibriados
 10290 | D:8      | Found a white marble altar of Elyvilon.
 10386 | D:9      | Noticed a death yak
 10387 | D:9      | Noticed a death yak
 10388 | D:9      | Noticed a death yak
 10405 | D:9      | Killed a death yak
 10406 | D:9      | Reached skill level 10 in Maces & Flails
 10412 | D:9      | Killed a death yak
 10425 | D:9      | Slain by a death yak

Illustrated notes

Levels and vault maps discovered:
D:1:      matt_arrival_grand_opening, layout_basic, minivault_11,
          minmay_pentomino_x2
D:2:      minmay_roachtagon, layout_basic, serial_shops, nicolae_shop_crystal,
          kennysheep_flooded_box
D:3:      layout_rooms, nicolae_uskayaw_suspiria,
          mainiacjoe_overflow_surrounded_room, tso_oasis_becter,
          dreamdust_ecumenical_altar_angels_and_demons,
          minmay_misc_feat_hallway, uniq_robin, uniq_sigmund
D:4:      layout_rooms, serial_park_tiny_pond
D:5:      layout_cave_pods, nicolae_sif_muna_little_library,
          minmay_temple_entry_fiery
D:6:      layout_gridville, serial_bayou, serial_bayou_lake_a,
          serial_bayou_pond_e, serial_bayou_pond_b, serial_bayou_lagoon_a,
          minmay_crossroads
D:7:      layout_loops_ring, serial_rivers, chequers_serial_rivers_micro_c,
          chequers_serial_rivers_micro_a, chequers_serial_rivers_micro_d,
          chequers_serial_rivers_room_b, chequers_serial_rivers_small_b,
          chequers_serial_rivers_micro_e, minivault_26
D:8:      layout_basic, nicolae_elyvilon_temple_path, enter_ossuary_1,
          minmay_ruffians, uniq_psyche
D:9:      layout_irregular_city, xom_shifter_show, dpeg_lair_monsters
Temple:   jpeg_temple_island

Skill      XL: |  1  2  3  4  5  6  7  8  9 10 11 |
---------------+----------------------------------+-----
Maces & Flails | 3 4 5 6 7 8 9 10 | 10.0
Fighting       | 4 5 6 7 8 10 | 10.4
Armour         | 5 6 |  6.1
Invocations    | 2 5 7 |  7.6
Dodging        | 2 |  2.5
Shields        | 5 7 |  7.3

Action                   |  1- 3 |  4- 6 |  7- 9 | 10-12 || total
-------------------------+-------+-------+-------+-------++-------
Melee: Whip              |    71 |   140 |   422 |       ||   633
       Flail             |     1 |       |       |       ||     1
       Morningstar       |       |       |    94 |   252 ||   346
Invok: Bend Time         |       |       |       |     3 ||     3
  Use: Scroll            |       |    11 |     9 |     5 ||    25
       Potion            |       |     1 |     2 |     5 ||     8
 Stab: Distracted        |       |       |     1 |       ||     1
       Invisible         |       |       |       |     1 ||     1
Armor: Scale mail        |    28 |    98 |   186 |       ||   312
       Chain mail        |       |       |   117 |   175 ||   292
Dodge: Dodged            |    26 |    54 |   168 |   149 ||   397
Block: Kite shield       |    22 |    65 |   240 |   231 ||   558
